| TOP OF THE 1ST |
|
Kane County Cougars batting - Pitching for Binghamton Mets : RHP Jose Lara
|
|
Pitching: RHP Jose Lara
|
|
|
Batting: LHB Omar Marquez
|
0-0: Foul Ball, location: 2F 0-1: Ball 1-1: Foul Ball, location: 2F 1-2: Strikes out swinging
|
|
Batting: RHB Larry Hardman
|
0-0: Ground out U3 (Groundball, 3S, EV 66.9 MPH)
|
|
Batting: SHB Evan Armagost
|
0-0: Called Strike 0-1: Ball 1-1: Foul Ball, location: 2F 1-2: Strikes out swinging
|
| Top of the 1st over - 0 runs, 0 hits, 0 errors, 0 left on base; Kane County 0 - Binghamton 0 |
| BOTTOM OF THE 1ST |
|
Binghamton Mets batting - Pitching for Kane County Cougars : RHP Kevin Prior
|
|
Pitching: RHP Kevin Prior
|
|
|
Batting: RHB Oscar Bravo
|
0-0: Ball 1-0: Foul Ball, location: 2F 1-1: Ball 2-1: Called Strike 2-2: Foul Ball, location: 2F 2-2: Foul Ball, location: 2F 2-2: Foul Ball, location: 2F 2-2: Foul Ball, location: 2F 2-2: Fly out, F8 (Line Drive, 8RM, EV 100.6 MPH)
|
|
Batting: RHB Jack Nickleberry
|
0-0: Called Strike 0-1: Swinging Strike 0-2: Ball 1-2: Ball 2-2: Strikes out looking
|
|
Batting: SHB Masatoshi Akahoshi
|
0-0: Foul Ball, location: 2F 0-1: Called Strike 0-2: Foul Ball, location: 2F 0-2: Ball 1-2: Foul Ball, location: 2F 1-2: Ground out 6-3 (Groundball, 6, EV 106.2 MPH)
|
| Bottom of the 1st over - 0 runs, 0 hits, 0 errors, 0 left on base; Kane County 0 - Binghamton 0 |
| TOP OF THE 2ND |
|
Kane County Cougars batting - Pitching for Binghamton Mets : RHP Jose Lara
|
|
Batting: RHB Steve Machol
|
0-0: Ball 1-0: Ball 2-0: Called Strike 2-1: Foul Ball, location: 2F 2-2: Foul Ball, location: 2F 2-2: Fly out, F7 (Flyball, 7, EV 94.4 MPH)
|
|
Batting: RHB Chad Mendoza
|
0-0: Ball 1-0: Swinging Strike 1-1: SINGLE (Groundball, 3D, EV 93.8 MPH)
|
|
Batting: RHB Sergio Manzanero
|
0-0: Called Strike 0-1: Ball 1-1: Called Strike 1-2: Strikes out swinging
|
|
Batting: LHB Jeff Harmon
|
0-0: Called Strike 0-1: Foul Ball, location: 2F 0-2: Foul Ball, location: 2F 0-2: Ball 1-2: Strikes out looking
|
| Top of the 2nd over - 0 runs, 1 hit, 0 errors, 1 left on base; Kane County 0 - Binghamton 0 |
| BOTTOM OF THE 2ND |
|
Binghamton Mets batting - Pitching for Kane County Cougars : RHP Kevin Prior
|
|
Batting: SHB Alex Cavazos
|
0-0: SINGLE (Groundball, 34D, EV 98.8 MPH)
|
|
Batting: SHB Jerry Burrows
|
0-0: Ball 1-0: Foul Ball, location: 2F 1-1: Ball 2-1: Called Strike 2-2: Strikes out looking
|
|
Batting: SHB Keith Casner
|
0-0: Ball 1-0: Foul Ball, location: 2F 1-1: Ball 2-1: Swinging Strike 2-2: Foul Ball, location: 2F 2-2: Strikes out swinging
|
|
Batting: RHB Mike Hanks
|
0-0: Called Strike 0-1: Foul Ball, location: 2F 0-2: Ball 1-2: Strikes out looking
|
| Bottom of the 2nd over - 0 runs, 1 hit, 0 errors, 1 left on base; Kane County 0 - Binghamton 0 |
| TOP OF THE 3RD |
|
Kane County Cougars batting - Pitching for Binghamton Mets : RHP Jose Lara
|
|
Batting: LHB Enrique Ponce
|
0-0: Ball 1-0: Swinging Strike 1-1: Ball 2-1: Foul Ball, location: 2F 2-2: Strikes out swinging
|
|
Batting: RHB Ernesto Zamora
|
0-0: SINGLE (Groundball, 6D, EV 106.2 MPH)
|
|
Batting: LHB Omar Marquez
|
0-0: Called Strike 0-1: Ball 1-1: Fielders Choice at 2nd, 6-4 (Groundball, 6, EV 80.6 MPH)
|
|
Batting: RHB Larry Hardman
|
0-0: Ball Pickoff Play to 1st, Runner tries for 2nd, OUT after rundown.
|
| Top of the 3rd over - 0 runs, 1 hit, 0 errors, 0 left on base; Kane County 0 - Binghamton 0 |
| BOTTOM OF THE 3RD |
|
Binghamton Mets batting - Pitching for Kane County Cougars : RHP Kevin Prior
|
|
Batting: RHB Brian Bonin
|
0-0: Called Strike 0-1: Ball 1-1: Swinging Strike 1-2: SINGLE (Groundball, 6MD, EV 100.6 MPH)
|
|
Batting: RHB Michael Youngberry
|
0-0: Ball 1-0: Called Strike 1-1: Foul Ball, location: 2F 1-2: Fielders Choice at 2nd, 1-6 (Groundball, 34S, EV 66.9 MPH)
|
|
Batting: RHB Oscar Bravo
|
0-0: Foul Ball, location: 2F 0-1: Ball Michael Youngberry steals 2nd base (no throw) 1-1: DOUBLE (Flyball, 8LXD, EV 93.1 MPH) Michael Youngberry scores
|
|
Batting: RHB Jack Nickleberry
|
0-0: SINGLE (Line Drive, 89S, EV 106.9 MPH) Oscar Bravo to third
|
|
Batting: SHB Masatoshi Akahoshi
|
0-0: Called Strike 0-1: Ball 1-1: Foul Ball, location: 2F 1-2: Ball 2-2: Ball 3-2: SINGLE (Line Drive, 8RS, EV 91.9 MPH) Oscar Bravo scores Jack Nickleberry to second Runner from 2nd tries for 3rd, SAFE, throw by RF made to third
|
|
Batting: SHB Alex Cavazos
|
0-0: Ball Masatoshi Akahoshi steals 2nd, throwing error, E2 Jack Nickleberry scores Masatoshi Akahoshi to third 1-0: Fly out, F9 (Flyball, 9LM, EV 86.2 MPH)
|
|
Batting: SHB Jerry Burrows
|
0-0: Ball 1-0: Ground out 4-3 (Groundball, 4, EV 83.1 MPH)
|
| Bottom of the 3rd over - 3 runs, 4 hits, 1 error, 1 left on base; Kane County 0 - Binghamton 3 |
| TOP OF THE 4TH |
|
Kane County Cougars batting - Pitching for Binghamton Mets : RHP Jose Lara
|
|
Batting: RHB Larry Hardman
|
0-0: Swinging Strike 0-1: Ball 1-1: Ground out 1-3 (Groundball, 13, EV 68.8 MPH)
|
|
Batting: SHB Evan Armagost
|
0-0: Foul Ball, location: 2F 0-1: SINGLE (Groundball, 34D, EV 106.9 MPH)
|
|
Batting: RHB Steve Machol
|
0-0: Ball Evan Armagost steals 2nd base 1-0: Ball 2-0: Ground out 4-3 (Groundball, 4, EV 86.2 MPH) Evan Armagost to third
|
|
Batting: RHB Chad Mendoza
|
0-0: SINGLE (Line Drive, 6MD, EV 96.2 MPH) Evan Armagost scores
|
|
Batting: RHB Sergio Manzanero
|
0-0: Called Strike 0-1: Ball Wild Pitch! Chad Mendoza to second 1-1: Foul Ball, location: 2F 1-2: 2-RUN HOME RUN (Line Drive, 9D, EV 98.1 MPH), Distance : 379 ft
|
|
Batting: LHB Jeff Harmon
|
0-0: Swinging Strike 0-1: Ball 1-1: Swinging Strike 1-2: Ground out U3 (Groundball, 13, EV 84.4 MPH)
|
| Top of the 4th over - 3 runs, 3 hits, 0 errors, 0 left on base; Kane County 3 - Binghamton 3 |
| BOTTOM OF THE 4TH |
|
Binghamton Mets batting - Pitching for Kane County Cougars : RHP Kevin Prior
|
|
Batting: SHB Keith Casner
|
0-0: Ball 1-0: Foul Ball, location: 2F 1-1: Ground out U3 (Groundball, 34, EV 93.1 MPH)
|
|
Batting: RHB Mike Hanks
|
0-0: Ball 1-0: Swinging Strike 1-1: Foul Ball, location: 2F 1-2: Ball 2-2: Strikes out swinging
|
|
Batting: RHB Brian Bonin
|
0-0: Foul Ball, location: 2F 0-1: Ground out U3 (Groundball, 34, EV 83.1 MPH)
|
| Bottom of the 4th over - 0 runs, 0 hits, 0 errors, 0 left on base; Kane County 3 - Binghamton 3 |
| TOP OF THE 5TH |
|
Kane County Cougars batting - Pitching for Binghamton Mets : RHP Jose Lara
|
|
Batting: LHB Enrique Ponce
|
0-0: Ball 1-0: Foul Ball, location: 2F 1-1: DOUBLE (Line Drive, 7LD, EV 103.8 MPH)
|
|
Batting: RHB Ernesto Zamora
|
0-0: Called Strike 0-1: Called Strike 0-2: Strikes out looking
|
|
Batting: LHB Omar Marquez
|
0-0: Called Strike 0-1: Ball 1-1: Ball 2-1: Foul Ball, location: 2F 2-2: Ball 3-2: Hit by Pitch
|
|
Batting: RHB Larry Hardman
|
0-0: Called Strike Enrique Ponce steals 3rd base Omar Marquez to second 0-1: Ball 1-1: Ball 2-1: Called Strike 2-2: Ball 3-2: Base on Balls
|
|
Batting: SHB Evan Armagost
|
0-0: Ball 1-0: Ball 2-0: Foul Ball, location: 2F 2-1: Ball 3-1: Foul Ball, location: 2F 3-2: Fielders Choice at 2nd, 6-4 (Groundball, 6, EV 84.4 MPH) Enrique Ponce scores Omar Marquez to third
|
|
Batting: RHB Steve Machol
|
0-0: Ball 1-0: Ball 2-0: Fielders Choice at 2nd, 5-4 (Groundball, 56, EV 92.5 MPH)
|
| Top of the 5th over - 1 run, 1 hit, 0 errors, 2 left on base; Kane County 4 - Binghamton 3 |
| BOTTOM OF THE 5TH |
|
Binghamton Mets batting - Pitching for Kane County Cougars : RHP Kevin Prior
|
|
Now at 1B: Tae-geun Kwang
|
|
|
Batting: RHB Michael Youngberry
|
0-0: Foul Ball, location: 2F 0-1: SINGLE (Groundball, 56D, EV 98.8 MPH)
|
|
Batting: RHB Oscar Bravo
|
0-0: Ball Michael Youngberry steals 2nd base 1-0: Foul Ball, location: 2F 1-1: Called Strike 1-2: Ball 2-2: Ground out 5-3 (Groundball, 5, EV 101.2 MPH)
|
|
Batting: RHB Jack Nickleberry
|
0-0: Ground out 1-3 (Groundball, 13S, EV 70.0 MPH) Michael Youngberry to third
|
|
Batting: SHB Masatoshi Akahoshi
|
0-0: Fly out, F8 (Flyball, 78M, EV 81.9 MPH)
|
| Bottom of the 5th over - 0 runs, 1 hit, 0 errors, 1 left on base; Kane County 4 - Binghamton 3 |
| TOP OF THE 6TH |
|
Kane County Cougars batting - Pitching for Binghamton Mets : RHP Jose Lara
|
|
Batting: RHB Chad Mendoza
|
0-0: Ball 1-0: Ball 2-0: Called Strike 2-1: Ball 3-1: Called Strike 3-2: Base on Balls
|
|
Pitching: RHP Gabe Kelso
|
|
|
Batting: RHB Sergio Manzanero
|
0-0: Called Strike 0-1: Ball 1-1: TRIPLE (Flyball, 78XD, EV 93.1 MPH) Chad Mendoza scores
|
|
Batting: LHB Jeff Harmon
|
0-0: Ball 1-0: Called Strike 1-1: Called Strike 1-2: Ball 2-2: Ball 3-2: Strikes out swinging
|
|
Batting: LHB Enrique Ponce
|
0-0: Ball 1-0: Fly out, F8 (Flyball, 8LD, EV 88.1 MPH)
|
|
Batting: RHB Ernesto Zamora
|
0-0: Ball 1-0: Foul Ball, location: 2F 1-1: Foul Ball, location: 2F 1-2: Ball 2-2: Foul Ball, location: 2F 2-2: Strikes out swinging
|
| Top of the 6th over - 1 run, 1 hit, 0 errors, 1 left on base; Kane County 5 - Binghamton 3 |
| BOTTOM OF THE 6TH |
|
Binghamton Mets batting - Pitching for Kane County Cougars : RHP Kevin Prior
|
|
Batting: SHB Alex Cavazos
|
0-0: Foul Ball, location: 2F 0-1: Foul Ball, location: 2F 0-2: Strikes out swinging
|
|
Batting: SHB Jerry Burrows
|
0-0: Ball 1-0: Ball 2-0: Foul Ball, location: 2F 2-1: Swinging Strike 2-2: Strikes out swinging
|
|
Batting: SHB Keith Casner
|
0-0: Ball 1-0: Ball 2-0: Called Strike 2-1: Foul Ball, location: 2F 2-2: Fly out, F9 (Flyball, 9LM, EV 88.8 MPH)
|
| Bottom of the 6th over - 0 runs, 0 hits, 0 errors, 0 left on base; Kane County 5 - Binghamton 3 |
| TOP OF THE 7TH |
|
Kane County Cougars batting - Pitching for Binghamton Mets : RHP Gabe Kelso
|
|
Batting: LHB Omar Marquez
|
0-0: Ball 1-0: Called Strike 1-1: Swinging Strike 1-2: Ball 2-2: Foul Ball, location: 2F 2-2: Fly out, F9 (Flyball, 9D, EV 84.4 MPH)
|
|
Batting: LHB Tae-geun Kwang
|
0-0: Ball 1-0: Swinging Strike 1-1: Ball 2-1: DOUBLE (Line Drive, 89M, EV 113.1 MPH)
|
|
Batting: SHB Evan Armagost
|
0-0: SINGLE (Line Drive, 6D, EV 103.8 MPH) Tae-geun Kwang to third Runner from 3rd tries for Home, SAFE, throw by CF to home
|
|
Batting: RHB Steve Machol
|
0-0: Ball 1-0: Ball 2-0: SINGLE (Groundball, 6MD, EV 101.9 MPH) Evan Armagost to second Runner from 2nd tries for 3rd, SAFE, no throw by CF
|
|
Batting: RHB Chad Mendoza
|
0-0: Called Strike 0-1: SINGLE (Groundball, 6, EV 95.0 MPH) Evan Armagost scores Steve Machol to second
|
|
Batting: RHB Sergio Manzanero
|
0-0: Ball 1-0: Called Strike 1-1: Ball 2-1: Called Strike 2-2: Fly out, F8 (Line Drive, 8RM, EV 91.2 MPH)
|
|
Batting: LHB Jeff Harmon
|
0-0: Ball 1-0: Foul Ball, location: 2F 1-1: Ball 2-1: Swinging Strike 2-2: Ground out 5-3 (Groundball, 56, EV 110.6 MPH)
|
| Top of the 7th over - 2 runs, 4 hits, 0 errors, 2 left on base; Kane County 7 - Binghamton 3 |
| BOTTOM OF THE 7TH |
|
Binghamton Mets batting - Pitching for Kane County Cougars : RHP Kevin Prior
|
|
Batting: RHB Mike Hanks
|
0-0: Called Strike 0-1: Ball 1-1: Swinging Strike 1-2: Strikes out swinging
|
|
Batting: RHB Brian Bonin
|
0-0: Ball 1-0: Ball 2-0: Ball 3-0: Called Strike 3-1: Foul Ball, location: 2F 3-2: Ground out 4-3 (Groundball, 4, EV 86.9 MPH)
|
|
Batting: RHB Michael Youngberry
|
0-0: Ground out U3 (Groundball, 13, EV 80.6 MPH)
|
| Bottom of the 7th over - 0 runs, 0 hits, 0 errors, 0 left on base; Kane County 7 - Binghamton 3 |
| TOP OF THE 8TH |
|
Kane County Cougars batting - Pitching for Binghamton Mets : RHP Gabe Kelso
|
|
Pitching: RHP Thomas Clark
|
|
|
Batting: LHB Enrique Ponce
|
0-0: Called Strike 0-1: Ball 1-1: Ground out 4-3 (Groundball, 4D, EV 80.6 MPH)
|
|
Batting: RHB Ernesto Zamora
|
0-0: Foul Ball, location: 2F 0-1: Called Strike 0-2: Ball 1-2: Ball 2-2: Ball 3-2: Foul Ball, location: 2F 3-2: Foul Ball, location: 2F 3-2: Foul Ball, location: 2F 3-2: Fly out, F6 (Popup, 6MD, EV 62.5 MPH)
|
|
Batting: LHB Omar Marquez
|
0-0: Ball 1-0: Called Strike 1-1: Fly out, F7 (Flyball, 7, EV 89.4 MPH)
|
| Top of the 8th over - 0 runs, 0 hits, 0 errors, 0 left on base; Kane County 7 - Binghamton 3 |
| BOTTOM OF THE 8TH |
|
Binghamton Mets batting - Pitching for Kane County Cougars : RHP Kevin Prior
|
|
Batting: RHB Oscar Bravo
|
0-0: Ball 1-0: Swinging Strike 1-1: Swinging Strike 1-2: Strikes out swinging
|
|
Pitching: RHP Dan Thompson
|
|
|
Batting: RHB Jack Nickleberry
|
0-0: Ball 1-0: Foul Ball, location: 2F 1-1: Ground out 4-3 (Groundball, 4M, EV 95.6 MPH)
|
|
Batting: SHB Masatoshi Akahoshi
|
0-0: Ball 1-0: Ball 2-0: Foul Ball, location: 2F 2-1: Foul Ball, location: 2F 2-2: Foul Ball, location: 2F 2-2: Foul Ball, location: 2F 2-2: SINGLE (Line Drive, 56D, EV 105.0 MPH)
|
|
Batting: SHB Alex Cavazos
|
0-0: Fielders Choice at 2nd, 6-4 (Groundball, 6, EV 85.0 MPH)
|
| Bottom of the 8th over - 0 runs, 1 hit, 0 errors, 1 left on base; Kane County 7 - Binghamton 3 |
| TOP OF THE 9TH |
|
Kane County Cougars batting - Pitching for Binghamton Mets : RHP Thomas Clark
|
|
Pitching: RHP Amare Golden
|
|
|
Batting: LHB Tae-geun Kwang
|
0-0: Called Strike 0-1: Ball 1-1: Swinging Strike 1-2: Strikes out looking
|
|
Batting: SHB Evan Armagost
|
0-0: Called Strike 0-1: Called Strike 0-2: Ball 1-2: Ball 2-2: Foul Ball, location: 2F 2-2: Foul Ball, location: 2F 2-2: Strikes out swinging
|
|
Batting: RHB Steve Machol
|
0-0: Ball 1-0: Ground out 1-3 (Groundball, 15S, EV 66.2 MPH)
|
| Top of the 9th over - 0 runs, 0 hits, 0 errors, 0 left on base; Kane County 7 - Binghamton 3 |
| BOTTOM OF THE 9TH |
|
Binghamton Mets batting - Pitching for Kane County Cougars : RHP Dan Thompson
|
|
Batting: SHB Jerry Burrows
|
0-0: Ball 1-0: DOUBLE (Line Drive, 78D, EV 103.8 MPH)
|
|
Batting: SHB Keith Casner
|
0-0: Ground out 1-3 (Groundball, 13S, EV 61.9 MPH) Jerry Burrows to third
|
|
Batting: RHB Mike Hanks
|
0-0: Called Strike 0-1: Ball 1-1: Ball 2-1: Ball 3-1: Called Strike 3-2: Strikes out swinging
|
|
Batting: RHB Brian Bonin
|
0-0: Called Strike 0-1: Swinging Strike 0-2: Strikes out looking
|
| Bottom of the 9th over - 0 runs, 1 hit, 0 errors, 1 left on base; Kane County 7 - Binghamton 3 |
|